 Dungeon Crawl Stone Soup version 0.21.1-1-g345015f (webtiles) character file.

268 xccam the Shield-Bearer (level 6, -7/47 HPs)
             Began as a Formicid Fighter on Mar 28, 2018.
             Was an Initiate of Okawaru.
             Mangled by an ogre
             ... wielding a +0 giant club
              (22 damage)
             ... on level 4 of the Dungeon.
             The game lasted 00:02:37 (816 turns).

xccam the Shield-Bearer (Formicid Fighter)           Turns: 816, Time: 00:02:37

Health: -7/47      AC:  6    Str: 27    XL:     6   Next: 46%
Magic:  6/6        EV:  9    Int:  7    God:    Okawaru [......]
Gold:   80         SH: 11    Dex: 11    Spells: 5/5 levels left

rFire    . . .     SeeInvis +   a - +0 long sword
rCold    . . .     Gourm    .   c - +0 shield
rNeg     + . .     Faith    .   b - +0 scale mail
rPois    .         Spirit   .   (helmet unavailable)
rElec    .         Reflect  .   (no cloak)
rCorr    .         Harm     .   (no gloves)
MR       .....                  (no boots)
Stlth    ..........             (no amulet)
HPRegen  0.15/turn              e - ring of positive energy
MPRegen  0.10/turn              (no ring)

@: mighty
A: permanent stasis, dig shafts and tunnels, four strong arms, antennae 3
a: Dig, Shaft Self, Renounce Religion


You were on level 4 of the Dungeon.
You worshipped Okawaru.
Okawaru was noncommittal.
You were not hungry.

You visited 1 branch of the dungeon, and saw 3 of its levels.

You collected 80 gold pieces.

Inventory:

Hand Weapons
 a - a +0 long sword (weapon)
Armour
 b - a +0 scale mail (worn)
 c - a +0 shield (worn)
Jewellery
 e - a ring of positive energy (left hand)
Scrolls
 g - 2 scrolls of identify {unknown}
Comestibles
 f - 3 rations
 h - 6 chunks of flesh


   Skills:
 - Level 3.2 Fighting
 + Level 4.6 Long Blades
 - Level 3.2 Armour
 + Level 6.3 Shields


You had 5 spell levels left.
You didn't know any spells.

Dungeon Overview and Level Annotations

Branches:
Dungeon (2/15)             Temple (0/1) D:4

Altars:
Fedhas
Okawaru


Innate Abilities, Weirdness & Mutations

You cannot be hasted, slowed, berserked, paralysed or teleported.
You can dig through walls and to a lower floor.
Your four strong arms can wield two-handed weapons with a shield.
You have a pair of large antennae on your head. (SInv)


Message History

You slash the ogre!
You kill the ogre!
Okawaru accepts your kill.
Your Shields skill increases to level 6!
You have reached level 6!
Your experience leads to an increase in your attributes!
Your base attributes are Str 22, Int 7, Dex 10.
Increase (S)trength, (I)ntelligence, or (D)exterity?
You feel agile. You block the hound skeleton's attack.
You slice the hound skeleton!!
The hound skeleton is almost destroyed.
You block the hound skeleton's attack.
You slash the hound skeleton!
You destroy the hound skeleton!
Okawaru accepts your kill.
You hit the ogre.
The ogre is lightly wounded.
The ogre hits you with a giant club!!
You die...

# ## #.#. # ###.#.## <.
.. #.......# ...
...###.##....# ....
###....#.##....# .....
#......#.......##..>...
#.........#....@O......
...............##......
####.............#
.....
..........()####.# ....
. ##.#†...#.# ... ###
.##.....#.#)#######.#
.......##.).......[...
.......###.....###.# #
.......# #.........


You could see an ogre.

Vanquished Creatures
  An ogre (D:4)
  A scorpion (D:4)
  2 worker ants (D:4)
  A hound skeleton (D:4)
  3 gnolls (D:4)
  2 adders (D:4)
  A worm (D:4)
  A dart slug (D:1)
  3 ball pythons
  2 giant cockroaches
  A goblin (D:1)
  4 hobgoblins (D:1)
  2 kobolds (D:1)
  4 bats (D:1)
  7 frilled lizards
  4 rats (D:1)
39 creatures vanquished.

Notes
Turn   | Place    | Note
-------+----------+-------------------------------------------
     0 | D:1      | xccam the Formicid Fighter began the quest for the Orb.
     0 | D:1      | Reached XP level 1. HP: 18/18 MP: 1/1
    44 | D:1      | Reached XP level 2. HP: 24/24 MP: 2/2
    58 | D:1      | Reached skill level 4 in Shields
   228 | D:1      | Reached XP level 3. HP: 22/29 MP: 3/3
   391 | D:2      | You fall through a shaft for 2 floors!
   391 | D:4      | Found an iron altar of Okawaru.
   391 | D:4      | Found a blossoming altar of Fedhas.
   391 | D:4      | Noticed a scorpion
   406 | D:4      | Killed a scorpion
   406 | D:4      | Reached skill level 5 in Shields
   406 | D:4      | Reached XP level 4. HP: 16/35 MP: 4/4
   485 | D:4      | Found a staircase to the Ecumenical Temple.
   486 | D:4      | Became a worshipper of Warmaster Okawaru
   583 | D:4      | Reached XP level 5. HP: 26/41 MP: 5/5
   805 | D:4      | Noticed an ogre
   807 | D:4      | Noticed an ogre
   813 | D:4      | Killed an ogre
   813 | D:4      | Reached skill level 6 in Shields
   813 | D:4      | Reached XP level 6. HP: 14/47 MP: 6/6
   816 | D:4      | Mangled by an ogre

Skill      XL: |  1  2  3  4  5 |
---------------+----------------+-----
Shields        | 4 5 6 |  6.3
Long Blades    | 3 4 |  4.6
Fighting       | |  3.2
Armour         | |  3.2

Action                   |  1- 3 |  4- 6 || total
-------------------------+-------+-------++-------
Melee: Long sword        |    62 |    59 ||   121
  Use: Potion            |       |     1 ||     1
Armor: Scale mail        |    31 |    12 ||    43
Dodge: Dodged            |    32 |    21 ||    53
Block: Shield            |    33 |    29 ||    62
       Rpst.: Long sword |    11 |    10 ||    21
